cohdb
Replays
Latest Replays
All Replays
Popular Replays
Top Player Replays
Match Explorer
How It Works
Community
CoH3 Stats
Reddit
Sign in to upload your games and track your stats! →
Sign in with Steam
Match 45268792
Unlisted
Match 45268792
Overview
Messages
Build Orders
End
Vickers Machine Gun Team
Construct Section Command Post
Selects Air and Sea Battlegroup
Infantry Section
Infantry Section
Selects Supply Surplus
Construct Field Infirmary
Grenade Package
Forward Retreat Point
Construct Platoon Command Post
6-pounder Anti-tank Gun Team
Selects Commando Section Paradrop
Selects M1 Pack Howitzer Paradrop
Infantry Section
Daghito
Adam Kadmon
Stratego
Giovanni
Foofight
Apophis
Dudulu
Hextech
0
0
Comments
sign in to comment!
No comments posted yet!